 Dungeon Crawl Stone Soup version 0.18-a0-1764-gf4ddf0b (webtiles) character file.

18 swanee5252 the Cutter (level 2, 0/21 HPs)
             Began as a Mummy Wanderer on Apr 13, 2016.
             Slain by a giant gecko (1 damage)
             ... on level 2 of the Dungeon.
             The game lasted 00:02:16 (558 turns).

swanee5252 the Cutter (Mummy Wanderer)               Turns: 558, Time: 00:02:17

Health: 0/21       AC:  2    Str: 15    XL:     2   Next: 48%
Magic:  2/2        EV:  6    Int: 11    God:
Gold:   26         SH:  0    Dex: 11    Spells: 0 memorised, 1 level left

rFire  x . .     SeeInvis .     a - +2 dagger
rCold  + . .     Gourm    .     e - +0 robe
rNeg   + + +     Faith    .     (no shield)
rPois  ∞         Spirit   .     (no helmet)
rElec  .         Dismiss  .     (no cloak)
rCorr  .         Reflect  .     (no gloves)
SustAt .         Harm     .     (no boots)
MR     .....                    (no amulet)
Stlth  ++........               (no ring)
                                (no ring)

@: not resistant to hostile enchantments, unstealthy
A: no food or potions, fire vulnerability, cold resistance 1, negative energy
resistance 3, torment resistance, unbreathing
a: no special abilities


You were on level 2 of the Dungeon.
You were not hungry.

You visited 1 branch of the dungeon, and saw 2 of its levels.

You collected 26 gold pieces.

Inventory:

Hand Weapons
 a - a +2 dagger (weapon)
 c - a +0 falchion
Missiles
 g - 6 stones (quivered)
Armour
 e - a +0 robe (worn)
Scrolls
 b - a scroll of fear
 f - a scroll of random uselessness {unknown}
 h - a scroll of identify {unknown}
Books
 d - the Catalogue of the Volcanoes

   Spells                             Type                      Level
   a - Flame Tongue                   Conjuration/Fire             1
   b - Inner Flame                    Hexes/Fire                   3


   Skills:
 - Level 1.1 Fighting
 + Level 2.8 Short Blades
 - Level 1.0 Armour
 - Level 0.1 Dodging
 - Level 1.5 Stealth
   Level 1.0 Shields
   Level 1.0 Transmutations
   Level 1.5 Fire Magic


You had one spell level left.
You didn't know any spells.

Dungeon Overview and Level Annotations

Branches:
Dungeon (2/15)

Altars:


Innate Abilities, Weirdness & Mutations

You do not eat or drink.
Your flesh is vulnerable to fire.
You are immune to poison.
Your flesh is cold resistant.
You are immune to negative energy.
You are immune to unholy pain and torment.
You can survive without breathing.


Message History

The ball python bites you but does no damage.
The ball python misses you. The ball python closely misses you.
The ball python grabs you. The ball python constricts you.
You escape the ball python's grasp.
The ooze jiggles.
The ooze jiggles.
There is a stone staircase leading down here.
The ooze hits you.
* * * LOW HITPOINT WARNING * * *
You climb downwards.
A giant newt, a giant gecko and a worm come into view.
Found a leather armour and a buckler.
Found a stone staircase leading up and a stone staircase leading down.
There is a stone staircase leading up here.
The giant gecko barely misses you.
There is a stone staircase leading up here.
The ooze hits you.
* * * LOW HITPOINT WARNING * * *
The giant gecko bites you.
You die...

...##...##
#..#.....##
##........##
....l.....#
#.......#
##.....##
#.....>.#
#...<...#
#....J@.#
##...l.##
##w.[##
.[....
####.#..
#.#.# #...#
##


You could see a worm, an ooze, a giant gecko and a giant newt (sleeping).

Vanquished Creatures
  An ooze (D:1)
  3 bats (D:1)
  A giant cockroach (D:1)
  2 goblins (D:1)
  A ball python (D:1)
  2 giant newts (D:1)
  3 kobolds (D:1)
13 creatures vanquished.

Notes
Turn   | Place    | Note
--------------------------------------------------------------
     0 | D:1      | swanee5252 the Mummy Wanderer began the quest for the Orb.
     0 | D:1      | swanee5252 set off with: a +2 dagger, a scroll of fear, a +0 falchion, the Catalogue of the Volcanoes, a +0 robe
     0 | D:1      | Reached XP level 1. HP: 15/15 MP: 1/1
   235 | D:1      | Reached skill level 1 in Armour
   235 | D:1      | Reached XP level 2. HP: 12/21 MP: 2/2
   558 | D:2      | HP: 1/21 [ooze (5)]
   558 | D:2      | Slain by a giant gecko

Vault maps used:
D:1:      shiori_shiawase, hex_medium, st_stairs_1
D:2:      nicolae_overflow_hidden_temple

Skill      XL: |  1 |
---------------+----+-----
Armour         | 1 |  1.0
Fighting       | |  1.1
Short Blades   | |  2.8
Dodging        | |  0.1
Stealth        | |  1.5
Shields        | |  1.0
Transmutations | |  1.0
Fire Magic     | |  1.5

Action                   || total
-------------------------++-------
Melee: Dagger            ||    48
Armor: Robe              ||    19
Dodge: Dodged            ||    51
